 Dungeon Crawl Stone Soup version 0.22-a0-377-g846bec1 (webtiles) character file.

750 4thArraOfDagon the Digger (level 7, -10/59 HPs)
             Began as an Ogre Earth Elementalist on Apr 27, 2018.
             Mangled by an ogre
             ... wielding a +0 giant club
              (16 damage)
             ... on level 7 of the Dungeon.
             The game lasted 00:09:13 (1661 turns).

4thArraOfDagon the Digger (Ogre Earth Elementalist) Turns: 1661, Time: 00:09:14

Health: -10/59     AC:  4    Str: 11 (13) XL:     7   Next: 78%
Magic:  15/15      EV: 10    Int: 17 (18) God:
Gold:   71         SH:  0    Dex:  8 (9)  Spells: 8/17 levels left

rFire    . . .     SeeInvis .   a - +0 dagger (venom)
rCold    . . .     Gourm    .   (no shield)
rNeg     . . .     Faith    .   c - +0 robe
rPois    .         Spirit   .   (helmet restricted)
rElec    .         Reflect  .   e - +0 cloak
rCorr    .         Harm     .   (gloves unavailable)
MR       .....                  (boots unavailable)
Stlth    +.........             p - amulet of rage
HPRegen  0.19/turn              (no ring)
MPRegen  0.14/turn              (no ring)

@: no status effects
A: large, unfitting armour, tough skin 1
a: Evoke Berserk Rage


You were on level 7 of the Dungeon.
You were not hungry.

You visited 1 branch of the dungeon, and saw 7 of its levels.

You collected 71 gold pieces.

Inventory:

Hand Weapons
 a - a +0 dagger of venom (weapon)
 i - a +0 giant spiked club
Missiles
 b - 38 stones (quivered)
Armour
 c - a +0 robe (worn)
 e - a +0 cloak (worn)
Magical Staves
 s - a cursed staff of conjuration {!a}
Jewellery
 p - an amulet of rage (around neck)
 v - an uncursed amulet of guardian spirit {unknown}
Scrolls
 h - a scroll of fog {unknown}
 j - 2 scrolls of teleportation {unknown}
 m - 2 scrolls of identify {unknown}
 o - a scroll of silence {unknown}
 t - a scroll of fear {unknown}
 u - a scroll of random uselessness {unknown}
Potions
 f - a potion of degeneration
 g - a potion of invisibility {unknown}
 k - a potion of resistance {unknown}
 l - a potion of mutation {unknown}
 n - a potion of ambrosia {unknown}
Comestibles
 d - 2 rations
 r - a chunk of flesh


   Skills:
 - Level 1.7 Dodging
 - Level 1.4 Stealth
 + Level 5.7 Spellcasting
   Level 0.8 Transmutations
 * Level 6.8 Earth Magic


You had 8 spell levels left.
You knew the following spells:

 Your Spells              Type           Power        Failure   Level  Hunger
a - Sandblast             Erth           ####..       1%          1    None
b - Lee's Rapid Deconstr  Erth           ####......   22%         5    ######.
c - Stone Arrow           Conj/Erth      ###...       10%         3    ##.....


Dungeon Overview and Level Annotations

Branches:
Dungeon (7/15)             Temple (0/1) D:6

Altars:
Ashenzari
Elyvilon
Nemelex Xobeh
Trog
Yredelemnul

Shops:
D:4 }

Annotations:
D:5 Gorglomux's ghost, novice DDFi


Innate Abilities, Weirdness & Mutations

You are too large for most types of armour.
You have tough skin. (AC +1)


Message History

The quokka bites you.
* * * LOW HITPOINT WARNING * * *
Unknown command.
Unknown command.
The quokka bites you.
* * * LOW HITPOINT WARNING * * *
Unknown command.
Unknown command.
Some of the chunks of flesh in your inventory have rotted away.
Unknown command.
Unknown command.
Unknown command.
Unknown command.
You are no longer corroded.
Unknown command.
Unknown command.
Unknown command.
Unknown command.
The ogre hits you with a giant club!
You die...

# ###### ...# #....#
.....# #....#
......##########....#
....................#
#......# #@...#
#......# #O...#
.......#########r...#
........Jgg.r..r....#
.........############
................#
.........r......#
...........J....#
................#


You could see an ogre and 2 quokkas.

Vanquished Creatures
  A phantom (D:3)
  An ogre (D:7)
  2 centaurs
  A bullfrog (D:6)
  A howler monkey (D:7)
  A centaur zombie (D:7)
  2 orc priests
  A bullfrog skeleton (D:5)
  An orc wizard (D:3)
  An iguana (D:7)
  A worker ant (D:7)
  4 gnolls
  3 adders (D:2)
  A shadow imp (D:7)
  An ooze (D:2)
  A dart slug (D:3)
  2 leopard geckos
  7 orcs
  8 goblins
  A hobgoblin (D:3)
  4 jackals
  4 kobolds
  A quokka (D:7)
  7 bats
  A frilled lizard (D:3)
  A quokka skeleton (D:7)
  5 rats
64 creatures vanquished.

Notes
Turn   | Place    | Note
-------+----------+-------------------------------------------
     0 | D:1      | 4thArraOfDagon the Ogre Earth Elementalist began the quest for the Orb.
     0 | D:1      | Reached XP level 1. HP: 16/16 MP: 3/3
    80 | D:2      | Reached skill level 3 in Earth Magic
    80 | D:2      | Reached XP level 2. HP: 24/24 MP: 2/5
   181 | D:2      | Found a sparkling altar of Nemelex Xobeh.
   199 | D:2      | Reached XP level 3. HP: 22/31 MP: 3/7
   227 | D:2      | Found a white marble altar of Elyvilon.
   417 | D:2      | Found a basalt altar of Yredelemnul.
   509 | D:2      | Reached XP level 4. HP: 39/39 MP: 8/8
   645 | D:3      | Reached skill level 4 in Earth Magic
   793 | D:3      | Reached XP level 5. HP: 12/45 MP: 8/10
   804 | D:3      | Learned a level 5 spell: Lee's Rapid Deconstruction
   826 | D:3      | Noticed a phantom
   840 | D:3      | Killed a phantom
   840 | D:3      | Reached skill level 5 in Earth Magic
   971 | D:3      | Reached XP level 6. HP: 28/53 MP: 5/12
  1114 | D:4      | Found Retrusuj's Gadget Emporium.
  1156 | D:4      | Found a shattered altar of Ashenzari.
  1182 | D:5      | Entered Level 5 of the Dungeon
  1300 | D:5      | Noticed Gorglomux's ghost (novice DDFi)
  1307 | D:5      | Found a bloodstained altar of Trog.
  1385 | D:7      | Reached skill level 5 in Spellcasting
  1385 | D:7      | Reached XP level 7. HP: 59/59 MP: 12/14
  1411 | D:7      | Reached skill level 6 in Earth Magic
  1550 | D:7      | Learned a level 3 spell: Stone Arrow
  1661 | D:7      | Mangled by an ogre

Vault maps used:
D:1:      lemuel_arrival_rhombus, minmay_pentomino_v2
D:2:      nicolae_overflow_hidden_temple, lemuel_doored_altar,
          lemuel_round_altar, bh_chokoban
D:3:      lemuel_coloured_pillars_altar
D:4:      ashenzari_altar_1, serial_shops, shop, portal_sewer_entry_f,
          first_ration, minmay_joined_circles
D:5:      basic_altar, tgw_fedhas, uniq_menkaure
D:6:      minmay_temple_entry_from_below_a, serial_corexii_hall,
          corexii_hall_statues_l, corexii_hall_statues_deadend, serial_shops,
          kennysheep_little_box, kennysheep_generic_room_12, uniq_grinder

Skill      XL: |  1  2  3  4  5  6  7 |
---------------+----------------------+-----
Earth Magic    | 3 4 5 6 |  6.8
Spellcasting   | 3 4 5 |  5.7
Dodging        | |  1.7
Stealth        | |  1.4
Transmutations | |  0.8

Action                   |  1- 3 |  4- 6 |  7- 9 || total
-------------------------+-------+-------+-------++-------
Melee: Dagger            |    32 |    44 |    16 ||    92
       Unarmed           |     7 |       |       ||     7
 Cast: Sandblast         |    24 |    41 |    30 ||    95
  Use: Scroll            |       |     3 |       ||     3
       Potion            |       |       |     4 ||     4
 Stab: Sleeping          |     1 |       |       ||     1
  Eat: Chunk             |       |     2 |     1 ||     3
Armor: Robe              |    16 |    20 |    13 ||    49
Dodge: Dodged            |    36 |    26 |    29 ||    91

Table legend:
 A = Spawn XP
 B = Non-spawn XP
 C = Spawn XP percentage of total XP
 D = Spawn monster count
 E = Non-spawn monster count
 F = Spawn count percentage of total count
 G = Total turns spent on level
                    A         B        C        D         E        F      G
               +---------+---------+-------+---------+---------+-------+---------
         Total |       0 |    1072 |   0.0 |       0 |      64 |   0.0 |  1661
               +---------+---------+-------+---------+---------+-------+---------
           D:1 |       0 |      10 |   0.0 |       0 |       6 |   0.0 |   132
           D:2 |       0 |      72 |   0.0 |       0 |      18 |   0.0 |   392
           D:3 |       0 |     276 |   0.0 |       0 |      21 |   0.0 |   566
           D:5 |       0 |     150 |   0.0 |       0 |       2 |   0.0 |   131
           D:6 |       0 |      85 |   0.0 |       0 |       1 |   0.0 |    46
           D:7 |       0 |     479 |   0.0 |       0 |      16 |   0.0 |   302
               +---------+---------+-------+---------+---------+-------+---------
